Map: Prion Terraces

Players

HolyHit

  • Race: Protoss Protoss
  • League: Grandmaster

Probe - Winner!

  • Race: Protoss Protoss
  • League: Master

Event: DreamHack ZOWIE Open Leipzig

VOD

Have the link to the VOD?

Description

Time

  • Played on: Jan. 22, 2016, 7:45 a.m.
  • Length: 5:38

All games in this series

Show
View Real Time Build Order
Export as new Build Order

HolyHit Protoss 

Build Orders: Nexus First 

Get SALT Encoding   

  12  0:01  Probe (Chrono Boost)  
  13  0:11  Probe (Chrono Boost)  
  14  0:17  Pylon  
  14  0:22  Probe (Chrono Boost)  
  16  0:36  Probe (Chrono Boost)  
  16  0:46  Probe (Chrono Boost)  
  17  0:57  Nexus  
  17  1:00  Probe (Chrono Boost)  
  18  1:10  Gateway  
  18  1:13  Probe (Chrono Boost)  
  19  1:19  Assimilator  
  19  1:24  Probe (Chrono Boost)  
  20  1:26  Assimilator  
  20  1:34  Probe (Chrono Boost)  
  21  1:45  Probe (Chrono Boost)  
  22  1:55  Gateway, Probe (Chrono Boost)  
  22  2:00  Cybernetics Core  
  23  2:09  Probe (Chrono Boost)  
  23  2:10  Probe (Chrono Boost)  
  25  2:20  Probe (Chrono Boost)  
  25  2:21  Probe (Chrono Boost)  
  27  2:30  Probe (Chrono Boost)  
  27  2:32  Probe (Chrono Boost)  
  29  2:38  Stalker (Chrono Boost)  
  29  2:40  Warp Gate  
  29  2:41  Stalker (Chrono Boost), Probe (Chrono Boost)  
  33  2:54  Gateway  
  33  2:57  Pylon  
  33  2:58  Probe  
  34  3:02  Mothership Core  
  36  3:10  Stalker (Chrono Boost)  
  36  3:20  Probe  
  31  3:32  Probe  
  31  3:33  Probe  
  30  3:44  Probe  
  30  3:45  Probe  
  32  3:56  Probe  
  32  3:58  Probe  
  34  4:08  Probe  
  35  4:10  Probe  
  35  4:20  Pylon  
  35  4:24  Probe  
  32  4:31  Probe  
  33  4:42  Stalker  
  33  4:43  Stalker  
  37  4:45  Sentry  
  39  4:56  Robotics Facility  
  39  5:03  Sentry  
  39  5:05  Stalker  
  37  5:27  Pylon  
  37  5:28  Pylon  
  37  5:30  Pylon  
Show
View Real Time Build Order
Export as new Build Order

Probe Protoss - Winner!

Build Orders: Oracle Opening 

Get SALT Encoding   

  12  0:09  Pylon  
  12  0:13  Probe (Chrono Boost)  
  13  0:27  Gateway  
  13  0:30  Probe (Chrono Boost)  
  14  0:41  Probe (Chrono Boost)  
  15  0:46  Assimilator  
  15  0:47  Assimilator  
  15  0:52  Probe (Chrono Boost)  
  16  1:02  Probe (Chrono Boost)  
  17  1:13  Probe (Chrono Boost)  
  17  1:15  Cybernetics Core  
  18  1:23  Probe (Chrono Boost)  
  19  1:26  Pylon  
  19  1:34  Probe (Chrono Boost)  
  20  1:44  Probe (Chrono Boost)  
  21  1:51  Stargate  
  21  1:52  Warp Gate (Chrono Boost)  
  21  1:55  Probe  
  22  2:03  Stalker  
  22  2:07  Probe  
  25  2:19  Pylon  
  25  2:33  Stalker  
  25  2:36  Oracle (Chrono Boost)  
  30  2:47  Gateway  
  30  2:51  Gateway  
  30  3:07  Oracle (Chrono Boost)  
  30  3:12  Gateway  
  33  3:46  Pylon  
  33  3:47  Pylon  
  33  3:55  Pylon  
  33  3:56  Pylon  
  33  4:02  Pylon  
  33  4:03  Oracle  
  36  4:15  Stalker  
  38  4:21  Stalker x2  
  42  4:39  Stalker  
  44  4:46  Stalker x2  
  48  4:58  Stalker  
  50  5:14  Stalker x3  
  53  5:24  Stalker  

Tags
 
Add a new tag
Caveats
  • Supply blocks, unpowered buildings, or Contaminate may cause inaccurate times.
  • Supply counts are checked every 10 seconds.